 Dungeon Crawl Stone Soup version 0.24.0-1-gfbc8707 (webtiles) character file.

Game seed: 9863415183196158287, levelgen mode: deterministic

1357 Buxparty the Poker (level 8, -5/60 HPs)
             Began as a Mummy Gladiator on Jan 9, 2020.
             Was an Initiate of Gozag.
             Slain by a gnoll
             ... wielding a +0 halberd
              (12 damage)
             ... on level 7 of the Dungeon.
             The game lasted 00:15:35 (6871 turns).

Buxparty the Poker (Mummy Gladiator)                Turns: 6871, Time: 00:15:35

Health: -5/60      AC: 10    Str: 19    XL:     8   Next: 37%
Magic:  17/17      EV: 11    Int:  7    God:    Gozag
Gold:   929        SH:  0    Dex: 12    Spells: 7/7 levels left

rFire    . . .     SeeInvis .   a - +0 trident
rCold    + . .     Gourm    .   (no shield)
rNeg     + + +     Faith    .   t - +1 ring mail {rN+}
rPois    ∞         Spirit   .   c - +0 helmet
rElec    +         Reflect  .   l - +2 cloak
rCorr    +         Harm     .   (no gloves)
MR       +....                  (no boots)
Stlth    +.........             (no amulet)
HPRegen  0.20/turn              u - ring of Tauhaewk {rElec rF+ MP+9 Dex-2}
MPRegen  0.15/turn              v - ring of resist corrosion

@: no status effects
A: no food or potions, fire vulnerability, cold resistance 1, negative energy
resistance 3, torment resistance, unbreathing
a: Potion Petition, Call Merchant, Bribe Branch, Renounce Religion


You were on level 7 of the Dungeon.
You worshipped Gozag.
Gozag was pleased with you.
You were not hungry.

You visited 1 branch of the dungeon, and saw 7 of its levels.

You collected 961 gold pieces.
You paid 32 gold pieces to Gozag.

Inventory:

Hand Weapons
 a - a +0 trident (weapon)
Missiles
 d - 3 throwing nets (quivered)
 q - 17 poisoned darts
Armour
 b - a +0 leather armour
 c - a +0 helmet (worn)
 l - a +2 cloak (worn)
 t - a +1 ring mail of positive energy (worn)
Jewellery
 j - an uncursed ring of fire
 n - an uncursed ring of see invisible
 o - an uncursed ring of flight
 u - the ring of Tauhaewk (left hand) {rElec rF+ MP+9 Dex-2}
   (You found it on level 5 of the Dungeon)

   [ring of protection from fire]

   It affects your dexterity (-2).
   It protects you from fire.
   It insulates you from electricity.
   It affects your magic capacity (+9).
 v - a ring of resist corrosion (right hand)
Wands
 r - a wand of flame (10)
Scrolls
 e - 3 scrolls of remove curse {unknown}
 f - 4 scrolls of teleportation {unknown}
 g - 2 scrolls of magic mapping {unknown}
 h - 3 scrolls of blinking {unknown}
 i - 5 scrolls of identify {unknown}
 k - a scroll of noise {unknown}
 m - 2 scrolls of amnesia {unknown}
 p - a scroll of immolation {unknown}
 s - 2 scrolls of enchant weapon {unknown}


   Skills:
 + Level 3.8 Fighting
 * Level 7.7 Polearms
 - Level 1.5 Throwing
 + Level 2.5 Armour
 - Level 2.4 Dodging
 + Level 2.0 Stealth


You had 7 spell levels left.
You didn't know any spells.
Your spell library was empty.

Dungeon Overview and Level Annotations

Branches:
Dungeon (7/15)             Temple (0/1) D:5

Altars:
Gozag
Ru
The Shining One

Shops:
D:6 [}


Innate Abilities, Weirdness & Mutations

You do not eat or drink.
Your flesh is vulnerable to fire.
You are immune to poison.
Your flesh is cold resistant. (rC+)
You are immune to negative energy. (rN+++)
You are immune to unholy pain and torment.
You can survive without breathing.


Message History

The gnoll closely misses you.
Attack whom?
Press: ? - help, Dir - move target cursor, f/p - gnoll
Aim: a gnoll, wielding a +0 halberd (lightly wounded, fast)
You reach to attack!
You barely miss the gnoll.
The gnoll is lightly wounded.
The gnoll hits you from afar with a +0 halberd.
* * * LOW HITPOINT WARNING * * *
Attack whom?
Press: ? - help, Dir - move target cursor, f/p - gnoll
Aim: a gnoll, wielding a +0 halberd (lightly wounded, fast)
You reach to attack!
You puncture the gnoll!
The gnoll is heavily wounded.
The gnoll hits you from afar with a +0 halberd!
* * * LOW HITPOINT WARNING * * *
The gnoll hits you from afar with a +0 halberd.
* * * LOW HITPOINT WARNING * * *
The gnoll hits you from afar with a +0 halberd!
You die...
Your body crumbles into a pile of gold.

### ..# #.# #.#
#.# #.# .. #@#
... #.#
#..#######g#
...#...#g#
#...#.#$# $
#..#.#.#####.#.
$
#..............
$ $
##..#<#..####.##
#...#.#..#


You could see 2 gnolls.

Vanquished Creatures
  Menkaure (D:6)
  2 ogres
  A centaur (D:5)
  A bullfrog (D:6)
  2 scorpions
  An electric eel (D:6)
  A crimson imp (D:5)
  A bullfrog zombie (D:6)
  3 hounds
  A jelly (D:5)
  3 orc priests
  A gnoll shaman (D:7)
  3 orc wizards
  4 worker ants
  A killer bee zombie (D:6)
  A hound skeleton (D:6)
  A howler monkey skeleton (D:6)
  8 adders
  4 gnolls
  2 oozes
  An adder zombie (D:5)
  4 adder skeletons
  2 worms
  2 dart slugs
  5 leopard geckos
  20 orcs
  3 ball pythons
  6 bats
  12 giant cockroaches
  8 goblins
  6 hobgoblins
  6 jackals
  3 quokkas
  8 frilled lizards
  5 kobolds
  A leopard gecko zombie (D:7)
  13 rats
147 creatures vanquished.

Notes
Turn   | Place    | Note
-------+----------+-------------------------------------------
     0 | D:1      | Buxparty the Mummy Gladiator began the quest for the Orb.
     0 | D:1      | Reached XP level 1. HP: 16/16 MP: 1/1
    48 | D:1      | Reached XP level 2. HP: 15/22 MP: 2/2
   247 | D:1      | Reached skill level 3 in Polearms
   579 | D:1      | Reached XP level 3. HP: 22/27 MP: 3/3
  1331 | D:2      | Reached XP level 4. HP: 17/33 MP: 4/4
  1512 | D:2      | Found an opulent altar of Gozag.
  1520 | D:2      | Became a worshipper of Gozag Ym Sagoz the Greedy
  1739 | D:2      | Reached skill level 4 in Polearms
  1931 | D:3      | Reached skill level 1 in Armour
  1931 | D:3      | Reached XP level 5. HP: 34/39 MP: 5/5
  2304 | D:3      | Reached skill level 1 in Stealth
  2676 | D:3      | Reached XP level 6. HP: 35/46 MP: 6/6
  2928 | D:3      | Reached skill level 5 in Polearms
  2975 | D:3      | Found a glowing golden altar of the Shining One.
  3995 | D:4      | Reached XP level 7. HP: 45/52 MP: 7/7
  4566 | D:5      | Entered Level 5 of the Dungeon
  4575 | D:5      | Reached skill level 6 in Polearms
  5076 | D:5      | Got a wavering ivory ring
  5078 | D:5      | Identified the ring of Tauhaewk {rElec rF+ MP+9 Dex-2} (You
                  | found it on level 5 of the Dungeon)
  5159 | D:5      | Found a staircase to the Ecumenical Temple.
  5776 | D:6      | Noticed Menkaure
  5790 | D:6      | Killed Menkaure
  5790 | D:6      | Reached skill level 7 in Polearms
  5790 | D:6      | Reached XP level 8. HP: 20/59 MP: 8/8
  6129 | D:6      | Found a sacrificial altar of Ru.
  6189 | D:6      | Found Ebobe's Armour Shop.
  6504 | D:6      | Found Wewnic's Gadget Emporium.
  6871 | D:7      | Slain by a gnoll

Levels and vault maps discovered:
D:1:      roderic_octagonal_star, layout_basic
D:2:      layout_rooms, nicolae_gozag_cash_rules_everything_around_me
D:3:      layout_loops_ring, nicolae_tso_swordbearing_angel
D:4:      layout_basic, first_ration
D:5:      layout_basic, temple_hall, kennysheep_generic_room_7
D:6:      layout_loops_ring, serial_shops, shop, kennysheep_mini_moat,
          basic_altar, water_boxes_lemuel, uniq_menkaure
D:7:      minmay_polygon_palace, layout_basic, lemuel_crystal_altar,
          enter_ossuary_2

Skill      XL: |  1  2  3  4  5  6  7  8 |
---------------+-------------------------+-----
Polearms       | 3 4 5 7 |  7.7
Armour         | 1 2 |  2.5
Stealth        | 1 2 |  2.0
Fighting       | 3 |  3.8
Throwing       | |  1.5
Dodging        | |  2.4

Action                   |  1- 3 |  4- 6 |  7- 9 || total
-------------------------+-------+-------+-------++-------
Melee: Trident           |   165 |   281 |   258 ||   704
Invok: Potion Petition   |       |     1 |       ||     1
 Stab: Sleeping          |     1 |     7 |     5 ||    13
Armor: Leather armour    |    59 |    81 |    56 ||   196
       Ring mail         |       |       |    15 ||    15
Dodge: Dodged            |   123 |   149 |   123 ||   395
